3A
HIGHWOOD HAWKS @ MYRTLE BEACH SEAHAWKS
08/17/2024
 
TOP OF THE 1ST
Highwood Hawks batting - Pitching for Myrtle Beach Seahawks : RHP Quentin Bowers
Pitching: RHP Quentin Bowers
Batting: LHB Kendrick Sullivan 0-0: Ball
1-0: Ball
2-0: Ball
3-0: Called Strike
3-1: Called Strike
3-2: Foul Ball, location: 2F
3-2: Strikes out swinging
Batting: RHB Pepe Álvarez 0-0: Ball
1-0: Swinging Strike
1-1: Swinging Strike
1-2: Foul Ball, location: 2F
1-2: Foul Ball, location: 2F
1-2: Strikes out swinging
Batting: RHB António Acosta 0-0: Ground out 4-3 (Groundball, 4M)
Top of the 1st over - 0 run(s), 0 hit(s), 0 error(s), 0 left on base; Highwood 0 - Myrtle Beach 0
BOTTOM OF THE 1ST
Myrtle Beach Seahawks batting - Pitching for Highwood Hawks : LHP Gabriel Herrera
Pitching: LHP Gabriel Herrera
Batting: RHB Thom Beach 0-0: Ball
1-0: Ball
2-0: Foul Ball, location: 2F
2-1: Called Strike
2-2: Strikes out looking
Batting: LHB Tae-sang Han 0-0: Fly out, F8 (Flyball, 78D)
Batting: SHB Bill Peterson 0-0: Called Strike
0-1: Ball
1-1: Called Strike
1-2: Ball
2-2: Strikes out swinging
Bottom of the 1st over - 0 run(s), 0 hit(s), 0 error(s), 0 left on base; Highwood 0 - Myrtle Beach 0
TOP OF THE 2ND
Highwood Hawks batting - Pitching for Myrtle Beach Seahawks : RHP Quentin Bowers
Batting: LHB Scott Janousek 0-0: Ball
1-0: Swinging Strike
1-1: Ball
2-1: Called Strike
2-2: Strikes out swinging
Batting: RHB James Hill 0-0: Called Strike
0-1: Called Strike
0-2: Strikes out swinging
Batting: LHB José Vela 0-0: Ground out 4-3 (Groundball, 6MS)
Top of the 2nd over - 0 run(s), 0 hit(s), 0 error(s), 0 left on base; Highwood 0 - Myrtle Beach 0
BOTTOM OF THE 2ND
Myrtle Beach Seahawks batting - Pitching for Highwood Hawks : LHP Gabriel Herrera
Batting: RHB León Sánchez 0-0: Ground out 5-3 (Groundball, 5S)
Batting: RHB Jim Unknown 0-0: Ball
1-0: Called Strike
1-1: Ball
2-1: Ground out 6-3 (Groundball, 6M)
Batting: LHB Ramón Castro 0-0: DOUBLE (Line Drive, 8LM)
Batting: RHB Jorge Flores 0-0: Called Strike
0-1: DOUBLE (Flyball, 89XD)
Ramón Castro scores
Batting: RHB Rodney Dudley 0-0: Called Strike
0-1: Ball
1-1: Called Strike
1-2: Ball
2-2: Strikes out looking
Bottom of the 2nd over - 1 run(s), 2 hit(s), 0 error(s), 1 left on base; Highwood 0 - Myrtle Beach 1
TOP OF THE 3RD
Highwood Hawks batting - Pitching for Myrtle Beach Seahawks : RHP Quentin Bowers
Batting: SHB Gabriel Pittman 0-0: Foul Ball, location: 2F
0-1: Ball
1-1: Ball
2-1: TRIPLE (Line Drive, 8RM)
Batting: RHB Rojo Nasution 0-0: Called Strike
0-1: Ball
1-1: Foul Ball, location: 2F
1-2: Ball
2-2: Ball
3-2: Foul Ball, location: 2F
3-2: Base on Balls
Batting: RHB Wilson Pérez 0-0: Grounds into double play, 4-6-3 (Groundball, 4M)
Gabriel Pittman scores
Batting: LHB Kendrick Sullivan 0-0: Ball
1-0: Swinging Strike
1-1: Called Strike
1-2: Fly out, F8 (Flyball, 8LM)
Top of the 3rd over - 1 run(s), 1 hit(s), 0 error(s), 0 left on base; Highwood 1 - Myrtle Beach 1
BOTTOM OF THE 3RD
Myrtle Beach Seahawks batting - Pitching for Highwood Hawks : LHP Gabriel Herrera
Batting: LHB Ismael Martínez 0-0: Called Strike
0-1: Foul Ball, location: 2F
0-2: Foul Ball, location: 2F
0-2: Ball
1-2: Foul Ball, location: 2F
1-2: Ball
2-2: Fly out, F7 (Line Drive, 78M)
Batting: RHB Thom Beach 0-0: Ball
1-0: SINGLE (Line Drive, 89S)
Batting: LHB Tae-sang Han 0-0: Ball
1-0: Ball
2-0: Ball
3-0: Called Strike
3-1: Fly out, F9 (Flyball, 9M)
Batting: SHB Bill Peterson 0-0: Ball
1-0: Ball
2-0: Swinging Strike
2-1: SINGLE (Line Drive, 4D)
Thom Beach to second
Runner from 2nd tries for 3rd, OUT!
Bottom of the 3rd over - 0 run(s), 2 hit(s), 0 error(s), 1 left on base; Highwood 1 - Myrtle Beach 1
TOP OF THE 4TH
Highwood Hawks batting - Pitching for Myrtle Beach Seahawks : RHP Quentin Bowers
Batting: RHB Pepe Álvarez 0-0: Called Strike
0-1: SINGLE (Groundball, 6MD)
Batting: RHB António Acosta 0-0: Ball
1-0: Called Strike
1-1: Ball
2-1: Fly out, F7 (Flyball, 7LD)
Batting: LHB Scott Janousek 0-0: Called Strike
0-1: Ball
1-1: Fielders Choice at 2nd, 1-4 (Groundball, 23)
Batting: RHB James Hill 0-0: Called Strike
0-1: Swinging Strike
0-2: Strikes out looking
Top of the 4th over - 0 run(s), 1 hit(s), 0 error(s), 1 left on base; Highwood 1 - Myrtle Beach 1
BOTTOM OF THE 4TH
Myrtle Beach Seahawks batting - Pitching for Highwood Hawks : LHP Gabriel Herrera
Batting: RHB León Sánchez 0-0: Swinging Strike
0-1: Foul Ball, location: 2F
0-2: Ball
1-2: Strikes out swinging
Batting: RHB Jim Unknown 0-0: Swinging Strike
0-1: Swinging Strike
0-2: Ground out 5-3 (Groundball, 56)
Batting: LHB Ramón Castro 0-0: Called Strike
0-1: Swinging Strike
0-2: Ground out U3 (Groundball, 3S)
Bottom of the 4th over - 0 run(s), 0 hit(s), 0 error(s), 0 left on base; Highwood 1 - Myrtle Beach 1
TOP OF THE 5TH
Highwood Hawks batting - Pitching for Myrtle Beach Seahawks : RHP Quentin Bowers
Batting: LHB José Vela 0-0: Ground out 4-3 (Groundball, 34)
Batting: SHB Gabriel Pittman 0-0: Called Strike
0-1: Ball
1-1: Ground out 6-3 (Groundball, 56)
Batting: RHB Rojo Nasution 0-0: Ball
1-0: Ball
2-0: Called Strike
2-1: Ground out 1-3 (Groundball, 23)
Top of the 5th over - 0 run(s), 0 hit(s), 0 error(s), 0 left on base; Highwood 1 - Myrtle Beach 1
BOTTOM OF THE 5TH
Myrtle Beach Seahawks batting - Pitching for Highwood Hawks : LHP Gabriel Herrera
Batting: RHB Jorge Flores 0-0: Ground out 4-3 (Groundball, 6M)
Batting: RHB Rodney Dudley 0-0: Swinging Strike
0-1: Swinging Strike
0-2: Ball
1-2: Ball
2-2: Ball
3-2: Foul Ball, location: 2F
3-2: Base on Balls
Batting: LHB Ismael Martínez 0-0: Ball
1-0: Called Strike
1-1: Ball
2-1: Fly out, F7 (Popup, 6D)
Batting: RHB Thom Beach 0-0: Ball
1-0: Swinging Strike
1-1: Swinging Strike
1-2: Ball
Passed Ball!
Rodney Dudley to second
2-2: Strikes out swinging
Bottom of the 5th over - 0 run(s), 0 hit(s), 0 error(s), 1 left on base; Highwood 1 - Myrtle Beach 1
TOP OF THE 6TH
Highwood Hawks batting - Pitching for Myrtle Beach Seahawks : RHP Quentin Bowers
Batting: RHB Wilson Pérez 0-0: Ball
1-0: Ground out 4-3 (Groundball, 4)
Batting: LHB Kendrick Sullivan 0-0: Foul Ball, location: 2F
0-1: Swinging Strike
0-2: Fly out, F7 (Line Drive, 7LM)
Batting: RHB Pepe Álvarez 0-0: Ball
1-0: Ball
2-0: SINGLE (Line Drive, 4M)
Batting: RHB António Acosta 0-0: Swinging Strike
0-1: Swinging Strike
0-2: Strikes out swinging
Top of the 6th over - 0 run(s), 1 hit(s), 0 error(s), 1 left on base; Highwood 1 - Myrtle Beach 1
BOTTOM OF THE 6TH
Myrtle Beach Seahawks batting - Pitching for Highwood Hawks : LHP Gabriel Herrera
Batting: LHB Tae-sang Han 0-0: Called Strike
0-1: Foul Ball, location: 2F
0-2: SOLO HOME RUN (Line Drive, 7LD), Distance : 391 ft
Batting: SHB Bill Peterson 0-0: Ball
1-0: Foul Ball, location: 2F
1-1: Foul Ball, location: 2F
1-2: Ground out 5-3 (Groundball, 5L)
Batting: RHB León Sánchez 0-0: Ball
1-0: Foul Ball, location: 2F
1-1: Ground out 4-3 (Groundball, 4)
Batting: RHB Jim Unknown 0-0: Called Strike
0-1: Ball
1-1: DOUBLE (Line Drive, 78D)
Batting: LHB Ramón Castro 0-0: SINGLE (Flyball, 9LS)
Jim Unknown to third
Runner from 3rd tries for Home, SAFE, no throw or cutoff
Batting: RHB Jorge Flores 0-0: Ball
1-0: Foul Ball, location: 2F
1-1: Ball
2-1: SINGLE (Groundball, 6)
Ramón Castro to second
Batting: RHB Rodney Dudley 0-0: Ball
1-0: Ball
Wild Pitch!
Ramón Castro to third
Jorge Flores to second
2-0: TRIPLE (Flyball, 89M)
Ramón Castro scores
Jorge Flores scores
Batting: LHB Ismael Martínez 0-0: Called Strike
0-1: Foul Ball, location: 2F
0-2: Ball
1-2: Strikes out swinging
Bottom of the 6th over - 4 run(s), 5 hit(s), 0 error(s), 1 left on base; Highwood 1 - Myrtle Beach 5
TOP OF THE 7TH
Highwood Hawks batting - Pitching for Myrtle Beach Seahawks : RHP Quentin Bowers
Batting: LHB Scott Janousek 0-0: Ball
1-0: Ball
2-0: Swinging Strike
2-1: Swinging Strike
2-2: DOUBLE (Line Drive, 3D)
Batting: RHB James Hill 0-0: Called Strike
0-1: Ball
1-1: Swinging Strike
1-2: Foul Ball, location: 2F
1-2: Strikes out swinging
Batting: LHB José Vela 0-0: Ball
1-0: Ground out 3-1 (Groundball, 34)
Scott Janousek to third
Batting: SHB Gabriel Pittman 0-0: Ball
1-0: Called Strike
1-1: Foul Ball, location: 2F
1-2: Strikes out swinging
Top of the 7th over - 0 run(s), 1 hit(s), 0 error(s), 1 left on base; Highwood 1 - Myrtle Beach 5
BOTTOM OF THE 7TH
Myrtle Beach Seahawks batting - Pitching for Highwood Hawks : LHP Gabriel Herrera
Batting: RHB Thom Beach 0-0: Called Strike
0-1: Swinging Strike
0-2: Ball
1-2: Ball
2-2: Foul Ball, location: 2F
2-2: Strikes out swinging
Batting: LHB Tae-sang Han 0-0: Ball
1-0: Foul Ball, location: 2F
1-1: Foul Ball, location: 2F
1-2: Foul Ball, location: 2F
1-2: Ball
2-2: Foul Ball, location: 2F
2-2: SINGLE (Flyball, 89S)
Pitching: RHP Josh Cahill
Batting: SHB Bill Peterson 0-0: Ball
1-0: Ball
2-0: Foul Ball, location: 2F
2-1: Swinging Strike
2-2: Foul Ball, location: 2F
2-2: Strikes out swinging
Batting: RHB León Sánchez 0-0: SINGLE (Line Drive, 4D)
Tae-sang Han to second
Batting: RHB Jim Unknown 0-0: Called Strike
0-1: Swinging Strike
0-2: Ball
1-2: Strikes out swinging
Bottom of the 7th over - 0 run(s), 2 hit(s), 0 error(s), 2 left on base; Highwood 1 - Myrtle Beach 5
TOP OF THE 8TH
Highwood Hawks batting - Pitching for Myrtle Beach Seahawks : RHP Quentin Bowers
Batting: RHB Rojo Nasution 0-0: Swinging Strike
0-1: Fly out, F7 (Flyball, 78M)
Batting: RHB Wilson Pérez 0-0: Ball
1-0: Ground out 5-3 (Groundball, 56)
Batting: LHB Kendrick Sullivan 0-0: Called Strike
0-1: Ball
1-1: Foul Ball, location: 2F
1-2: Foul Ball, location: 2F
1-2: Fly out, F3 (Line Drive, 34)
Top of the 8th over - 0 run(s), 0 hit(s), 0 error(s), 0 left on base; Highwood 1 - Myrtle Beach 5
BOTTOM OF THE 8TH
Myrtle Beach Seahawks batting - Pitching for Highwood Hawks : RHP Josh Cahill
Batting: LHB Ramón Castro 0-0: Ball
1-0: Foul Ball, location: 2F
1-1: Called Strike
1-2: Fly out, F5 (Line Drive, 5F)
Batting: RHB Jorge Flores 0-0: Called Strike
0-1: Swinging Strike
0-2: Foul Ball, location: 2F
0-2: Ball
1-2: SINGLE (Flyball, 4MD)
Batting: RHB Rodney Dudley 0-0: Called Strike
0-1: Ball
1-1: Grounds into double play, 5-4-3 (Groundball, 5)
Bottom of the 8th over - 0 run(s), 1 hit(s), 0 error(s), 0 left on base; Highwood 1 - Myrtle Beach 5
TOP OF THE 9TH
Highwood Hawks batting - Pitching for Myrtle Beach Seahawks : RHP Quentin Bowers
Batting: RHB Pepe Álvarez 0-0: Ball
1-0: Ball
2-0: Ball
3-0: Base on Balls
Batting: RHB António Acosta 0-0: Called Strike
0-1: Ball
1-1: Fly out, F2 (Popup, 25F)
Batting: LHB Scott Janousek 0-0: Ball
1-0: Called Strike
1-1: Swinging Strike
1-2: SINGLE (Line Drive, 6M)
Pepe Álvarez to second
Pitching: LHP Bartolo Pérez
Batting: RHB James Hill 0-0: Foul Ball, location: 2F
0-1: Foul Ball, location: 2F
0-2: Strikes out looking
Batting: LHB José Vela 0-0: Ball
1-0: Ball
2-0: Ball
3-0: Swinging Strike
3-1: Called Strike
3-2: Foul Ball, location: 2F
3-2: Base on Balls
Pepe Álvarez to third
Scott Janousek to second
Pinch Hitting: RHB Oscar Stephens 0-0: Fly out, F8 (Flyball, 8RM)
Top of the 9th over - 0 run(s), 1 hit(s), 0 error(s), 3 left on base; Highwood 1 - Myrtle Beach 5
This league is powered by Out of the Park Baseball, the baseball management simulation game for PC, Mac and Linux
Monday, October 3rd, 2016 - OOTP Baseball 16.9 Build 39